AoeStats
← Boni_5

Arena

509689626Analyzed
2v2 RM · 5d ago on Sep 27, 2026· 40m 41s· 4 players
Game mode
Random Map
Map size
Medium (4 player)
Population
200
Speed
Normal
Resources
Standard
Victory
Conquest
Starting age
Dark Age
Ending age
Imperial Age
RankedLock teamsTeams togetherTeam positionsShared explorationLock speedFull tech treeHidden civsTurbo modeCheats
Victory
Defeat
🇦🇷 Spanish · Argentina
1018
+14
🇪🇸 Gurjaras · Spain
991
+16
🇵🇱 Mongols · Poland
983
-15
🇮🇳 Franks · India
982
-15
leszard
9:08 Feudal Age
16:29 Castle Age
14:34 Double-Bit Axe
17:51 Bow Saw
20:22 Horse Collar
21:22 Wheelbarrow
25:16 Thumb Ring
25:43 Heavy Plow
25:55 Padded Archer Armor
26:19 Elite Skirmisher
31:07 Ballistics
33:20 Imperial Age
31:54 Leather Archer Armor
32:06 Fletching
33:11 Bodkin Arrow
33:42 Hand Cart
33:23 Gold Mining
33:13 Pikeman
34:59 Bracer
36:08 Chemistry
37:05 Conscription
37:17 Parthian Tactics
38:54 Heavy Cavalry Archer
MarioLog
10:47 Feudal Age
9:49 Loom
12:39 Double-Bit Axe
20:24 Castle Age
Boni_5
3:20 Loom
11:51 Feudal Age
12:19 Horse Collar
13:06 Double-Bit Axe
15:22 Town Watch
16:23 Bloodlines
20:25 Castle Age
18:46 Fletching
19:17 Stone Mining
19:42 Gold Mining
22:32 Elite Skirmisher
23:31 Husbandry
25:40 Wheelbarrow
26:42 Forging
27:49 Scale Barding Armor
27:40 Bodkin Arrow
27:47 Padded Archer Armor
33:16 Imperial Age
32:13 Iron Casting
32:08 Bow Saw
32:14 Heavy Plow
34:26 Conscription
35:18 Ballistics
37:06 Chain Barding Armor
36:26 Elite Shrivamsha Rider
39:48 Chemistry
Cheblin
10:56 Feudal Age
9:46 Loom
15:43 Castle Age
13:40 Double-Bit Axe
13:51 Horse Collar
16:54 Fletching
18:47 Bow Saw
24:51 Heavy Plow
27:28 Padded Archer Armor
28:52 Leather Archer Armor
31:34 Wheelbarrow
30:45 Town Watch
31:43 Inquisition
31:56 Bloodlines
31:46 Husbandry
31:56 Scale Barding Armor
32:01 Forging
33:03 Redemption
33:14 Sanctity
33:44 Town Patrol
34:56 Fervor
37:19 Bodkin Arrow
38:22 Ballistics
41:26 Imperial Age
Connection lost

Rejoining the realm…

Still unreachable

The connection could not be restored.

Session expired

The server has moved on; the page needs a fresh start.